cohdb
Replays
Latest Replays
All Replays
Popular Replays
Top Player Replays
Match Explorer
How It Works
Community
CoH3 Stats
Reddit
Sign in to upload your games and track your stats! →
Sign in with Steam
Match 23034617
Unlisted
Match 23034617
Overview
Messages
Build Orders
End
Vickers Machine Gun Team
Construct Section Command Post
Selects Air and Sea Battlegroup
Infantry Section
Infantry Section
Grenade Package
ML 3-inch Mortar Team
Construct Platoon Command Post
Construct Field Infirmary
Unlock M3 Stuart Light Tanks
M3 Stuart Light Tank
Selects Supply Surplus
Selects Commando Section Paradrop
Fear Up Harsh
Army
zugru90
TidaL
LATBAT
Soud
아직은청춘
按摩两年半纯情少坤
0
0
Comments
sign in to comment!
No comments posted yet!